 Dungeon Crawl Stone Soup version 0.24-a0-464-g6b2be6b8c7 (webtiles) character file.

Game seed: 1107854496953270075

659979 Peloso the Minotaur Barricade (level 27, -6/273 HPs)
             Began as a Minotaur Fighter on July 4, 2019.
             Was the Champion of Okawaru.
             Mangled by a white draconian
             ... wielding a +0 battleaxe
              (23 damage)
             ... on level 3 of the Realm of Zot.
             The game lasted 03:38:16 (64281 turns).

Peloso the Minotaur Barricade (Minotaur Fighter)   Turns: 64281, Time: 03:38:17

Health: -6/273     AC: 48    Str: 42    XL:     27
Magic:  0/24       EV: 13    Int: 10    God:    Okawaru [******]
Gold:   7966       SH: 22    Dex: 24    Spells: 27/27 levels left

rFire    x . .     SeeInvis .   a - +9 double sword of Mattaf {vamp, rC+ Str+8}
rCold    + . .     Gourm    .   E - +0 shield {reflect}
rNeg     + + +     Faith    .   J - +8 orange crystal plate armour {Archmagi, Int+3 Clar}
rPois    +         Spirit   +   P - +2 hat {MR+}
rElec    +         Reflect  +   y - +2 ratskin cloak {+Rats rPois rN+ Str-1 Int-1 Dex+1}
rCorr    +         Harm     .   w - +2 pair of gloves {archery}
MR       +++..     Clarity  +   e - +1 pair of boots of Nobility {rF+ rCorr Dex+2}
Stlth    ..........             l - amulet "Boliu" {Spirit rElec rF- rC+ Str+3}
HPRegen  0.55/turn              K - ring of Jaokkaf {*Drain Str+2 Int+3 Dex+5}
MPRegen  0.19/turn              H - ring of Xom's Recklessness {rF- rC- rN+++ Int+2 Dex+4}

@: lethally poisoned (-6 -> -6), corroded
A: retaliatory headbutt, horns 2, blurry vision 1, clumsy 1, deterioration 1,
dopey 1
}: 3/15 runes: decaying, silver, gossamer
a: Heroism, Finesse, Renounce Religion, Evoke Ratskin


You were on level 3 of the Realm of Zot.
You worshipped Okawaru.
Okawaru was exalted by your worship.
You were very hungry.

You visited 11 branches of the dungeon, and saw 51 of its levels.
You also visited: Ice Cave and Desolation.

You collected 9104 gold pieces.
You spent 1138 gold pieces at shops.

Inventory:

Hand Weapons
 a - the +9 double sword of Mattaf (weapon) {vamp, rC+ Str+8}
   (Okawaru gifted it to you on level 13 of the Dungeon)

   It inflicts no extra harm, but heals its wielder when it wounds a living foe.
   It affects your strength (+8).
   It protects you from cold.
 b - the +10 falchion "Laoc" {slice, rElec rC++ MP+9}
   (Okawaru gifted it to you on level 6 of the Lair of Beasts)

   It inflicts extra damage upon your enemies.
   It greatly protects you from cold.
   It insulates you from electricity.
   It affects your magic capacity (+9).
 d - a +2 demon blade of flaming
Armour
 e - the +1 pair of boots of Nobility (worn) {rF+ rCorr Dex+2}
   (Okawaru gifted it to you on level 15 of the Dungeon)

   It affects your dexterity (+2).
   It protects you from fire.
   It provides partial protection from all sources of acid and corrosion.
 p - a +2 pair of boots of running
 w - a +2 pair of gloves of archery (worn)
 y - the +2 ratskin cloak (worn) {+Rats rPois rN+ Str-1 Int-1 Dex+1}
   (You found it on level 6 of the Dungeon)

   It affects your strength (-1).
   It affects your intelligence (-1).
   It affects your dexterity (+1).
   It protects you from poison.
   It protects you from negative energy.
 E - a +0 shield of reflection (worn)
 I - quicksilver dragon scales
 J - the +8 orange crystal plate armour (worn) {Archmagi, Int+3 Clar}
   (You found it on level 8 of the Dungeon)

   It affects your intelligence (+3).
   It protects you against confusion.
 P - a +2 hat of magic resistance (worn)
Jewellery
 c - an uncursed ring of ice
 l - the amulet "Boliu" (around neck) {Spirit rElec rF- rC+ Str+3}
   (You found it in the Desolation of Salt)

   [amulet of guardian spirit]

   It causes incoming damage to be split between your health and magic.
   It affects your strength (+3).
   It makes you vulnerable to fire.
   It protects you from cold.
   It insulates you from electricity.
 m - an uncursed ring of see invisible
 D - the ring of Obsession {Fire rElec rPois}
   (You found it on level 7 of the Dungeon)

   [ring of fire]

   It enhances your fire magic.
   It protects you from fire.
   It makes you vulnerable to cold.
   It insulates you from electricity.
   It protects you from poison.
 H - the ring of Xom's Recklessness (right hand) {rF- rC- rN+++ Int+2 Dex+4}
   (You found it on level 1 of the Depths)

   [ring of intelligence]

   It affects your intelligence (+2).
   It affects your dexterity (+4).
   It makes you vulnerable to fire.
   It makes you vulnerable to cold.
   It renders you almost immune to negative energy.
 K - the ring of Jaokkaf (left hand) {*Drain Str+2 Int+3 Dex+5}
   (You found it in an ice cave)

   [ring of intelligence]

   It affects your strength (+2).
   It affects your intelligence (+3).
   It affects your dexterity (+5).
   It causes draining when unequipped.
 V - a +6 ring of strength
 X - the amulet "Birreana" {RegenMP rC++ Str+2}
   (You found it on level 4 of the Swamp)

   [amulet of magic regeneration]

   It increases your magic regeneration.
   It affects your strength (+2).
   It greatly protects you from cold.
Wands
 F - a wand of random effects (9)
 G - a wand of disintegration (12)
Scrolls
 j - 15 scrolls of identify
 n - a scroll of enchant weapon
 o - 2 scrolls of holy word
 q - 20 scrolls of teleportation
 r - 9 scrolls of fear
 s - 21 scrolls of remove curse
 t - 7 scrolls of magic mapping
 x - 8 scrolls of blinking
 C - 2 scrolls of summoning
Potions
 g - 36 potions of curing
 h - 6 potions of berserk rage
 i - 10 potions of heal wounds
 k - a potion of cancellation
 v - 7 potions of flight
 z - 13 potions of mutation
 A - 4 potions of resistance
 B - 7 potions of haste
 M - 7 potions of might
 Q - 3 potions of agility
Comestibles
 f - 63 rations


   Skills:
 O Level 27 Fighting
 O Level 27 Long Blades
 + Level 1.1 Throwing
 + Level 26.9 Armour
 + Level 5.2 Dodging
 + Level 1.9 Stealth
 O Level 27 Shields
 + Level 3.3 Unarmed Combat
 + Level 0.6 Spellcasting
 + Level 2.7 Invocations
 + Level 1.3 Evocations


You had 27 spell levels left.
You didn't know any spells.
Your spell library contained the following spells:

 Spells                   Type           Power        Failure   Level  Hunger
 Animate Skeleton         Necr           N/A          77%         1    ##.....
 Apportation              Tloc           #.....       77%         1    ##.....
 Beastly Appendage        Tmut           #.....       77%         1    ##.....
 Confusing Touch          Hex            #.....       77%         1    ##.....
 Corona                   Hex            #......      77%         1    ##.....
 Flame Tongue             Conj/Fire      #....        77%         1    ##.....
 Freeze                   Ice            #...         77%         1    ##.....
 Infusion                 Chrm           #...         77%         1    ##.....
 Pain                     Necr           #...         77%         1    ##.....
 Shock                    Conj/Air       #...         77%         1    ##.....
 Summon Butterflies       Summ           #.......     77%         1    ##.....
 Summon Small Mammal      Summ           #...         77%         1    ##.....
 Blink                    Tloc           N/A          88%         2    ###....
 Call Imp                 Summ           #.......     88%         2    ###....
 Corpse Rot               Necr           N/A          88%         2    ###....
 Ensorcelled Hibernation  Hex/Ice        #.....       88%         2    ###....
 Passwall                 Tmut/Erth      #.......     88%         2    ###....
 Poisonous Vapours        Pois/Air       #.....       88%         2    ###....
 Searing Ray              Conj           #.....       88%         2    ###....
 Shroud of Golubria       Chrm/Tloc      #.....       88%         2    ###....
 Slow                     Hex            #.......     88%         2    ###....
 Sticks to Snakes         Tmut           #.......     88%         2    ###....
 Sublimation of Blood     Necr           #.........   88%         2    ###....
 Swiftness                Chrm/Air       #.......     88%         2    ###....
 Throw Flame              Conj/Fire      #.....       88%         2    ###....
 Throw Frost              Conj/Ice       #.....       88%         2    ###....
 Call Canine Familiar     Summ           #.......     98%         3    ####...
 Confuse                  Hex            #.......     98%         3    ####...
 Conjure Flame            Conj/Fire      #.......     98%         3    ####...
 Dazzling Spray           Conj/Hex       #.....       98%         3    ####...
 Gell's Gravitas          Tloc           #.........   98%         3    ####...
 Ignite Poison            Fire/Tmut/Pois #.......     98%         3    ####...
 Inner Flame              Hex/Fire       #.......     98%         3    ####...
 Lesser Beckoning         Tloc           #.........   98%         3    ####...
 Mephitic Cloud           Conj/Pois/Air  #.......     98%         3    ####...
 Ozocubu's Armour         Chrm/Ice       #.......     98%         3    ####...
 Portal Projectile        Hex/Tloc       #.....       98%         3    ####...
 Recall                   Summ/Tloc      N/A          98%         3    ####...
 Regeneration             Chrm/Necr      #.........   98%         3    ####...
 Spectral Weapon          Hex/Chrm       #.......     98%         3    ####...
 Spider Form              Tmut/Pois      #.........   98%         3    ####...
 Static Discharge         Conj/Air       #.......     98%         3    ####...
 Stone Arrow              Conj/Erth      #.....       98%         3    ####...
 Summon Guardian Golem    Hex/Summ       #.......     98%         3    ####...
 Teleport Other           Tloc           #.......     98%         3    ####...
 Tukima's Dance           Hex            #.......     98%         3    ####...
 Vampiric Draining        Necr           #.........   98%         3    ####...
 Airstrike                Air            #.........   100%        4    #####..
 Animate Dead             Necr           N/A          100%        4    #####..
 Force Lance              Conj/Tloc      #.......     100%        4    #####..
 Ice Form                 Ice/Tmut       #.......     100%        4    #####..
 Leda's Liquefaction      Hex/Erth       #.........   100%        4    #####..
 Passage of Golubria      Tloc           N/A          100%        4    #####..
 Petrify                  Tmut/Erth      #.......     100%        4    #####..
 Sticky Flame             Conj/Fire      #.......     100%        4    #####..
 Summon Ice Beast         Ice/Summ       #.......     100%        4    #####..
 Summon Lightning Spire   Summ/Air       #.......     100%        4    #####..
 Throw Icicle             Conj/Ice       #.......     100%        4    #####..
 Alistair's Intoxication  Tmut/Pois      #.......     100%        5    ######.
 Blade Hands              Tmut           #.........   100%        5    ######.
 Excruciating Wounds      Chrm/Necr      #.........   100%        5    ######.
 Fireball                 Conj/Fire      #.........   100%        5    ######.
 Irradiate                Conj/Tmut      #.........   100%        5    ######.
 Iskenderun's Battlesphe  Conj/Chrm      #.......     100%        5    ######.
 Lee's Rapid Deconstruct  Erth           #.........   100%        5    ######.
 Lightning Bolt           Conj/Air       #.........   100%        5    ######.
 Metabolic Englaciation   Hex/Ice        #.........   100%        5    ######.
 Silence                  Hex/Air        #.........   100%        5    ######.
 Summon Forest            Summ/Tloc      #.........   100%        5    ######.
 Summon Mana Viper        Hex/Summ       #.......     100%        5    ######.
 Yara's Violent Unravell  Hex/Tmut       #.........   100%        5    ######.
 Bolt of Cold             Conj/Ice       #.........   100%        6    #######
 Conjure Ball Lightning   Conj/Air       #.........   100%        6    #######
 Darkness                 Hex            #.........   100%        6    #######
 Deflect Missiles         Chrm/Air       #.........   100%        6    #######
 Dispersal                Tloc           #.........   100%        6    #######
 Freezing Cloud           Conj/Ice/Air   #.........   100%        6    #######
 Hydra Form               Tmut           #.........   100%        6    #######
 Invisibility             Hex            #.......     100%        6    #######
 Ozocubu's Refrigeration  Ice            #.........   100%        6    #######
 Simulacrum               Ice/Necr       #.........   100%        6    #######
 Statue Form              Tmut/Erth      #........    100%        6    #######
 Dragon Form              Tmut           #.........   100%        7    #######
 Haunt                    Necr/Summ      #.........   100%        7    #######
 Malign Gateway           Summ/Tloc      #.........   100%        7    #######
 Monstrous Menagerie      Summ           #.........   100%        7    #######
 Ring of Flames           Chrm/Fire      #.........   100%        7    #######
 Spellforged Servitor     Conj/Summ      #.........   100%        7    #######
 Summon Greater Demon     Summ           #.........   100%        7    #######
 Summon Hydra             Summ           #.........   100%        7    #######
 Borgnjor's Revivificati  Necr           #.........   100%        8    #######
 Controlled Blink         Tloc           N/A          100%        8    #######
 Death's Door             Chrm/Necr      #.........   100%        8    #######
 Disjunction              Tloc           #.........   100%        8    #######
 Ignition                 Fire           #.........   100%        8    #######
 Infestation              Necr           #.........   100%        8    #######
 Necromutation            Tmut/Necr      #.........   100%        8    #######
 Summon Horrible Things   Summ           #.........   100%        8    #######
 Shatter                  Erth           #.........   100%        9    #######
 Tornado                  Air            #.........   100%        9    #######


Dungeon Overview and Level Annotations

Branches:
Dungeon (15/15)            Temple (1/1) D:7            Lair (6/6) D:10
  Swamp (4/4) Lair:2       Spider (4/4) Lair:4        Slime (0/5) Lair:5
    Orc (2/2) D:12            Elf (3/3) Orc:2        Vaults (5/5) D:14
  Crypt (3/3) Vaults:3       Tomb (0/3) Crypt:3      Depths (5/5) D:15
    Zot (3/5) Depths:5

Altars:
Ashenzari
Cheibriados
Dithmenos
Elyvilon
Fedhas
Gozag
Hepliaklqana
Kikubaaqudgha
Makhleb
Nemelex Xobeh
Okawaru
Qazlal
Ru
Sif Muna
Trog
Uskayaw
Vehumet
Wu Jian
Xom
Yredelemnul
Zin
The Shining One
Beogh
Jiyva

Shops:
D:7 :   D:10 !   D:12 *}   Orc:2 }}[?   Elf:2 !   Vaults:2 [   Vaults:3 %
Depths:1 }===   Depths:5 }=}

Portals:
Hell: Depths:1 Depths:2 Depths:3 Depths:4 Depths:5
Abyss: Depths:4
Pandemonium: Depths:3
Ziggurat: Depths:4


Innate Abilities, Weirdness & Mutations

You reflexively headbutt those who attack you in melee.
You have a pair of horns on your head.
Scrolls take you a little longer to read.
You are clumsy. (Dex -2)
Your body sometimes deteriorates upon taking damage.
You are dopey. (Int -2)


Message History

Your blink will be uncontrolled - continue anyway?
Okay, then.
Really read with blurry vision while enemies are nearby?
Something hits you but does no damage. You block the black draconian's attack.
You block the white draconian's attack. The red draconian barely misses you.
You furiously retaliate!
You headbutt the red draconian, but do no damage.
You riposte.
You slash the red draconian!
You feel better.
The red draconian is lightly wounded.
You begin reading the scroll.
You continue reading the scroll.
You feel sick. The yellow draconian monk hits you!
* * * LOW HITPOINT WARNING * * *
The yellow draconian monk kicks you but does no damage.
You block the yellow draconian monk's attack.
You hear some strange, mumbled words.
A bolt of cold appears from out of thin air!
The bolt of cold hits you but does no damage.
The black draconian hits you but does no damage.
The white draconian hits you with a +0 battleaxe!!
You die...

.####
#......##
...
#...#...#
...#
#.....(.#
.....
#>......#
# ##.
#....####
#....#
#./..#
#.d..#
#)@{##
#..dqd#
#.....#
#.....#
#.ยง...#
....q..
........
#...#....#


You could see a yellow draconian monk (berserk), a black draconian (berserk), a
red draconian, a white draconian (berserk) and a green draconian shifter.

Vanquished Creatures
  Khufu (Crypt:3)
  2 ancient liches
  An orb of fire (Zot:3)
  Mara (Swamp:4)
  A juggernaut (Depths:2)
  Mennas (Vaults:4)
  Sojobo (Crypt:1)
  Bai Suzhen (Swamp:3)
  Boris (Crypt:1)
  Frederick (Vaults:2)
  Saint Roka (Depths:5)
  the Lernaean hydra (Swamp:4)
  Xtahua (Vaults:5)
  The ghost of Xiurix the Petrodigitator, an adept GrEE of Vehumet (Depths:5)
  Nikola (Spider:4)
  9 golden dragons
  Jory (Depths:3)
  A profane servitor (Crypt:3)
  A bone dragon (Crypt:3)
  Arachne (Spider:3)
  6 liches
  13 tentacled monstrosities
  Jorgrun (D:14)
  Asterion (Elf:3)
  3 deep elf blademasters
  3 deep elf master archers (Elf:3)
  A quicksilver dragon (Zot:2)
  The ghost of Morbidden the Brawler, an adept TrBe of Trog (Swamp:4)
  5 ancient champions
  3 titans (Vaults:5)
  Frances (Spider:1)
  A thorn hunter (Swamp:4)
  2 sphinxes
  3 death cobs
  Roxanne (D:15)
  4 shadow dragons
  6 tengu reavers
  Donald (Swamp:1)
  7 storm dragons
  Kirke (Swamp:1)
  9 frost giants
  7 draconian monks
  4 revenants
  10 fire giants
  3 draconian scorchers
  12 deep elf sorcerers
  A draconian knight (Depths:5)
  20 vault wardens
  An orc warlord (Orc:1)
  A caustic shrike zombie (Depths:3)
  An iron dragon (Depths:2)
  A curse skull (Crypt:1)
  2 imperial myrmidons (Desolation)
  5 emperor scorpions
  4 ghost moths
  Louise (Spider:3)
  2 draconian annihilators (Depths:5)
  2 deep elf elementalists
  8 war gargoyles
  12 ironheart preservers
  42 very ugly things
  4 spriggan defenders (Depths:5)
  3 ghouls
  4 entropy weavers
  10 vampire knights
  Nessos (D:15)
  7 black draconians
  24 stone giants
  11 deep elf demonologists
  9 green draconians
  6 red draconians
  6 white draconians
  A yellow draconian (Zot:2)
  17 deep elf annihilators
  2 halazid warlocks (Desolation)
  4 eidola
  6 spark wasps
  3 purple draconians (Depths:5)
  11 ettins
  A spectral quicksilver dragon (Crypt:3)
  7 deep elf death magi
  2 mummy priests (Crypt:3)
  27 jiangshi
  7 great orbs of eyes
  4 fire dragons
  13 ogre magi
  6 ragged hierophants (Desolation)
  4 crystal guardians
  6 deep elf high priests
  21 hydras
  34 vault guards
  10 yaktaur captains
  8 servants of whispers (Desolation)
  6 peacekeepers (Desolation)
  13 ice dragons
  5 spriggan air magi
  A hell beast (Depths:2)
  3 rakshasas
  6 alligators
  12 centaur warriors
  3 shambling mangroves
  29 dancing weapons
  A catoblepas (Lair:3)
  13 death knights
  9 deep troll shamans
  A satyr (shapeshifter) (Vaults:4)
  3 tengu warriors
  11 vampire magi
  7 deep troll earth magi
  4 orc high priests
  35 two-headed ogres
  Urug (Lair:4)
  2 spriggan berserkers
  Sonja (Lair:2)
  8 spriggans
  12 deep elf knights
  3 shadow wraiths (Crypt:3)
  11 hell knights
  39 skeletal warriors
  4 iron trolls
  4 spriggan druids
  13 swamp dragons
  A death drake (Depths:5)
  35 deep trolls
  5 glowing orange brains
  2 unseen horrors
  A storm dragon skeleton (Crypt:2)
  A death drake (shapeshifter) (Vaults:5)
  6 wizards
  5 lindwurms (Depths:5)
  19 phantasmal warriors
  12 flayed ghosts
  A golden dragon skeleton (Crypt:3)
  5 necromancers
  3 harpies (shapeshifter)
  14 deep elf archers
  16 orc knights
  13 ironbrand convokers
  2 large abominations (Elf:3)
  3 harpies (Vaults:4)
  3 oklob plants (Lair:1)
  2 tengu skeletons
  60 deep elf magi
  An iron dragon zombie (Depths:1)
  4 frost giant zombies (Depths:3)
  26 wolf spiders
  15 orb spiders
  47 ugly things
  A salamander (Depths:5)
  A sphinx zombie (Depths:3)
  8 cyclopes
  8 orc sorcerers
  2 frost giant skeletons (Depths:1)
  3 fire giant zombies (Depths:3)
  4 centaur zombies
  6 manticores
  8 moths of wrath
  9 vault sentinels
  2 fauns (shapeshifter) (Depths:2)
  3 black mambas
  A torpor snail (shapeshifter) (Vaults:4)
  6 guardian serpents
  10 elephants (Lair:6)
  3 gargoyles (Depths:1)
  A centaur skeleton (D:12)
  2 ice statues (IceCv)
  A rust devil (Depths:2)
  A molten gargoyle (Desolation)
  A spriggan skeleton (Depths:1)
  A torpor snail (Spider:1)
  8 rime drakes
  A grey draconian zombie (Crypt:1)
  25 spiny frogs
  8 komodo dragons
  51 yaktaurs
  An efreet (D:13)
  An ice devil (Depths:2)
  14 freezing wraiths
  12 demonic crawlers
  A yaktaur (shapeshifter) (Depths:5)
  A yaktaur skeleton (Depths:1)
  7 guardian mummies (Crypt:3)
  A catoblepas skeleton (Crypt:3)
  A red devil (Depths:2)
  3 tengu conjurers
  7 trolls
  37 jumping spiders
  3 polar bears (shapeshifter)
  A hornet (shapeshifter) (Depths:3)
  5 polar bears
  A wolf spider simulacrum (Vaults:1)
  10 tyrant leeches
  5 bog bodies
  3 wind drakes (Depths:5)
  15 hornets
  13 hippogriffs
  2 raiju (shapeshifter)
  57 saltlings
  Prince Ribbit (D:5)
  A raiju (Depths:3)
  A tarantella zombie (Crypt:2)
  A fire giant simulacrum (Depths:3)
  22 blink frogs
  2 blink frogs (shapeshifter)
  32 slime creatures
  A stone giant simulacrum (Vaults:1)
  4 air elementals
  A fire dragon zombie (Depths:1)
  65 flying skulls
  70 redbacks
  33 tarantellas
  9 shadows
  A vampire (D:12)
  2 spriggans (shapeshifter)
  16 wraiths
  A yak (shapeshifter) (D:15)
  16 humans
  4 water elementals
  4 basilisks
  18 yaks
  Grum (D:9)
  Eustachio (D:5)
  2 hogs (shapeshifter)
  2 wyverns
  2 fire elementals (Elf:3)
  2 human simulacra
  22 vampire mosquitoes
  3 hungry ghosts
  6 wargs
  Edmund (D:6)
  3 acid dragons
  A soldier ant (D:13)
  18 swamp worms
  An acid dragon (shapeshifter) (Vaults:5)
  15 water moccasins
  5 hell hounds (Depths:3)
  7 insubstantial wisps (Swamp:1)
  A porcupine (shapeshifter) (Depths:3)
  46 orc warriors
  A floating eye (Lair:1)
  11 porcupines
  6 sky beasts
  22 swamp drakes
  5 black bears
  17 ice beasts
  4 small abominations (Crypt:3)
  A swamp dragon zombie (Crypt:2)
  A hornet zombie (D:5)
  3 phantoms
  An eye of draining (D:12)
  6 necrophages
  2 eyes of draining (shapeshifter)
  A wolf (shapeshifter) (Vaults:1)
  6 boggarts
  29 ogres
  23 centaurs
  A snapping turtle skeleton (Crypt:3)
  10 crocodiles
  19 wolves
  A big kobold (D:7)
  A fire crab zombie (Crypt:2)
  27 bullfrogs
  A wyvern zombie (D:14)
  6 earth elementals
  A glowing shapeshifter simulacrum (Depths:3)
  A wyvern skeleton (Crypt:2)
  A water moccasin skeleton (D:11)
  7 scorpions
  3 killer bees (D:12)
  9 wights
  5 howler monkeys
  8 electric eels
  7 crimson imps
  17 hounds
  4 jellies
  A wolf skeleton (Crypt:1)
  3 bullfrog zombies
  A quasit (D:12)
  A human zombie (Crypt:2)
  27 orc priests
  33 orc wizards
  6 iguanas
  An iron imp (Depths:4)
  16 worker ants
  A hell rat (D:6)
  A demigod zombie (Crypt:1)
  A hound zombie (D:8)
  A big kobold skeleton (Crypt:1)
  A worker ant zombie (D:9)
  6 gnolls
  14 adders
  10 river rats
  4 shadow imps
  An iguana zombie (Crypt:1)
  4 oozes
  2 adder skeletons
  An adder zombie (Crypt:1)
  3 worms
  A barachi skeleton (Crypt:1)
  2 dart slugs
  6 leopard geckos
  98 orcs
  5 bats
  A bat zombie (Crypt:1)
  5 giant cockroaches
  7 hobgoblins
  6 jackals
  4 quokkas
  2 ball pythons
  A ball python skeleton (Crypt:2)
  5 frilled lizards (D:2)
  5 goblins
  13 kobolds
  A quokka zombie (Crypt:2)
  22 rats
  5 bushes (Lair:1)
  4 fungi
  15 plants
2517 creatures vanquished.

Vanquished Creatures (others)
  A deep elf master archer (Elf:3)
  A tengu reaver (Crypt:1)
  A fire giant (Depths:5)
  A deep elf sorcerer (Depths:1)
  A vault warden (Vaults:2)
  2 ironheart preservers (Vaults:5)
  2 stone giants
  A deep elf death mage (Crypt:1)
  2 yaktaur captains
  A centaur warrior (Depths:1)
  A death knight (Crypt:1)
  An ogre mage (Depths:1)
  A deep troll shaman (Depths:3)
  2 deep elf knights (Elf:2)
  A shadow wraith (Vaults:4)
  2 deep elf archers
  A necromancer (Depths:1)
  An orb spider (Spider:4)
  2 deep elf magi (Elf:1)
  16 yaktaurs
  A freezing wraith (Crypt:1)
  A slime creature (D:15)
  A wraith (Crypt:1)
  An elf zombie (Depths:1)
  A warg (Depths:5)
  A swamp drake (Depths:5)
  3 centaurs
  A wolf (Depths:3)
  2 wights (D:13)
  An orc wizard (D:5)
  A felid skeleton (Crypt:1)
  2 orcs
  A crawling corpse (Elf:3)
  16 fungi (Lair:6)
  28 plants
102 creatures vanquished.

Grand Total: 2619 creatures vanquished

Notes
Turn   | Place    | Note
-------+----------+-------------------------------------------
     0 | D:1      | Peloso the Minotaur Fighter began the quest for the Orb.
     0 | D:1      | Reached XP level 1. HP: 19/19 MP: 0/0
   194 | D:1      | Reached XP level 2. HP: 18/27 MP: 1/1
   978 | D:2      | Reached XP level 3. HP: 33/33 MP: 2/2
  1129 | D:2      | Found a blossoming altar of Fedhas.
  1385 | D:2      | Reached skill level 1 in Dodging
  1385 | D:2      | Reached XP level 4. HP: 40/40 MP: 3/3
  1530 | D:3      | Reached XP level 5. HP: 19/46 MP: 4/4
  1702 | D:3      | Reached skill level 5 in Shields
  1776 | D:3      | Found a faded altar of an unknown god.
  1959 | D:4      | Noticed a black bear
  1964 | D:4      | Killed a black bear
  1964 | D:4      | Reached skill level 5 in Armour
  1964 | D:4      | Reached XP level 6. HP: 43/52 MP: 5/5
  2037 | D:4      | Reached skill level 5 in Long Blades
  2218 | D:4      | HP: 1/53 [poisoned by a worker ant]
  2631 | D:4      | Reached XP level 7. HP: 60/60 MP: 6/6
  3168 | D:5      | Entered Level 5 of the Dungeon
  3190 | D:5      | Noticed Eustachio
  3212 | D:5      | Killed Eustachio
  3347 | D:5      | Reached skill level 5 in Fighting
  3383 | D:5      | Found a radiant altar of Vehumet.
  3393 | D:5      | Reached XP level 8. HP: 48/68 MP: 7/7
  3707 | D:5      | Noticed Prince Ribbit
  3726 | D:5      | Killed Prince Ribbit
  3728 | D:5      | Found a hide-covered altar of Uskayaw.
  4396 | D:6      | Found the +2 ratskin cloak {+Rats rPois rN+ Str-1 Int-1
                  | Dex+1}
  4963 | D:6      | Noticed Edmund
  4979 | D:6      | Killed Edmund
  4979 | D:6      | Reached XP level 9. HP: 67/75 MP: 8/8
  5498 | D:7      | Got a fine marble ring
  5535 | D:7      | Found a staircase to the Ecumenical Temple.
  5555 | Temple   | Entered the Ecumenical Temple
  5822 | D:7      | Found Jahemola's Book Shoppe.
  5963 | D:7      | Reached skill level 10 in Long Blades
  5972 | D:7      | Found a glowing silver altar of Zin.
  6303 | D:7      | Found a deep blue altar of Sif Muna.
  6369 | D:8      | Found a bloodstained altar of Trog.
  6475 | D:8      | Noticed a two-headed ogre
  6484 | D:8      | Killed a two-headed ogre
  6484 | D:8      | Reached XP level 10. HP: 53/86 MP: 9/9
  6513 | D:8      | Identified the ring of Obsession {Fire rElec rPois} (You
                  | found it on level 7 of the Dungeon)
  6759 | D:8      | Noticed a manticore
  6900 | D:8      | Killed a manticore
  6900 | D:8      | Reached skill level 10 in Shields
  6921 | D:8      | Found the +8 orange crystal plate armour {Archmagi, Int+3
                  | Clar}
  7114 | D:8      | You fall into a shaft and drop 1 floor!
  7565 | D:9      | Found an ancient bone altar of Kikubaaqudgha.
  7649 | D:9      | Noticed Grum
  7672 | D:9      | Killed Grum
  7728 | D:9      | Found an iron altar of Okawaru.
  7736 | D:9      | Became a worshipper of Warmaster Okawaru
  8047 | D:9      | Found a shattered altar of Ashenzari.
  8057 | D:9      | Reached skill level 10 in Armour
  8319 | D:9      | Found a shimmering altar of Xom.
  8350 | D:9      | Found a shimmering altar of Xom.
  8350 | D:9      | Found a shimmering altar of Xom.
  8350 | D:9      | Found a shimmering altar of Xom.
  8351 | D:9      | Found a shimmering altar of Xom.
  8403 | D:10     | Entered Level 10 of the Dungeon
  8403 | D:10     | Found a staircase to the Lair.
  8523 | D:9      | Reached * piety under Okawaru
  8534 | D:9      | Reached XP level 11. HP: 79/94 MP: 10/10
  8684 | D:10     | Found a shimmering altar of Xom.
  9027 | D:10     | Found Niradwum's Distillery.
  9030 | D:10     | Bought a potion of mutation for 112 gold pieces
  9030 | D:10     | Bought a potion of agility for 56 gold pieces
  9030 | D:10     | Bought a potion of cancellation for 112 gold pieces
  9030 | D:10     | Bought 2 potions of haste for 280 gold pieces
  9030 | D:10     | Bought a potion of degeneration for 14 gold pieces
  9118 | D:10     | Reached ** piety under Okawaru
  9160 | D:10     | Got a pitted jade ring
  9297 | D:11     | Noticed a two-headed ogre
  9306 | D:11     | Killed a two-headed ogre
  9418 | D:11     | Noticed a two-headed ogre
  9430 | D:11     | Killed a two-headed ogre
  9443 | D:11     | Noticed a two-headed ogre
  9458 | D:11     | Killed a two-headed ogre
  9518 | D:11     | Reached *** piety under Okawaru
  9881 | D:11     | Found a sparkling altar of Nemelex Xobeh.
  9981 | Lair:1   | Entered Level 1 of the Lair of Beasts
 10058 | Lair:1   | Noticed an oklob plant
 10074 | Lair:1   | Noticed an oklob plant
 10074 | Lair:1   | Paralysed by a floating eye for 2 turns
 10185 | Lair:1   | Noticed an eight-headed hydra
 10301 | D:12     | Found Qid Bewathri's Gadget Boutique.
 10370 | D:12     | Identified the ring "Zoqamomn" {Wiz -Tele +Fly rC++ Str+3}
                  | (You found it on level 10 of the Dungeon)
 10463 | D:12     | Noticed a centaur warrior
 10466 | D:12     | Noticed a purple ugly thing
 10467 | D:12     | Reached **** piety under Okawaru
 10469 | D:12     | Noticed a skeletal warrior
 10571 | D:11     | Killed a purple ugly thing
 10594 | D:12     | Reached XP level 12. HP: 102/104 MP: 11/11
 10713 | D:12     | Received a gift from Okawaru
 10719 | D:12     | Killed a centaur warrior
 10955 | D:12     | Reached ***** piety under Okawaru
 10983 | D:12     | Found a staircase to the Orcish Mines.
 11143 | D:12     | Found Laim's Assorted Antiques.
 11152 | D:12     | Bought a scroll labeled GUTZIE JUSOSM for 38 gold pieces
 11296 | D:12     | Received a gift from Okawaru
 11860 | D:13     | Noticed a two-headed ogre
 11868 | D:13     | Killed a two-headed ogre
 11909 | D:13     | Found a blossoming altar of Fedhas.
 12093 | D:13     | Reached skill level 10 in Fighting
 13492 | Lair:1   | Paralysed by a floating eye for 4 turns
 13801 | Lair:2   | Reached XP level 13. HP: 114/114 MP: 12/12
 13961 | Lair:2   | Noticed Sonja
 13966 | Lair:2   | Found a staircase to the Swamp.
 13975 | Lair:2   | Killed Sonja
 14767 | Lair:3   | Received a gift from Okawaru
 14859 | Lair:3   | Got an ancient hand axe {god gift}
 15390 | Lair:1   | Identified the +5 hand axe of Profit {protect, rElec}
                  | (Okawaru gifted it to you on level 3 of the Lair of Beasts)
 15955 | Lair:4   | Reached skill level 15 in Shields
 16068 | Lair:4   | Found a hole to the Spider Nest.
 16365 | Lair:4   | Noticed Urug
 16382 | Lair:4   | Killed Urug
 16396 | Lair:4   | Got a twisted falchion
 16397 | Lair:4   | Identified the +8 falchion "Soxtymoel" {freeze, Dex+2} (You
                  | found it on level 4 of the Lair of Beasts)
 16579 | Lair:5   | Found a viscous altar of Jiyva.
 16580 | Lair:5   | Found a staircase to the Slime Pits.
 16843 | Lair:5   | Reached skill level 15 in Long Blades
 17350 | D:14     | Found a gate to the Vaults.
 17549 | D:13     | Received a gift from Okawaru
 17578 | D:13     | Got a twisted double sword {god gift}
 17579 | D:13     | Identified the +9 double sword of Mattaf {vamp, rC+ Str+8}
                  | (Okawaru gifted it to you on level 13 of the Dungeon)
 17935 | D:14     | Reached ****** piety under Okawaru
 17935 | D:14     | Received a gift from Okawaru
 17942 | D:14     | Reached XP level 14. HP: 125/125 MP: 13/13
 18301 | D:14     | Noticed Jorgrun
 18345 | D:14     | Killed Jorgrun
 18875 | D:14     | Received a gift from Okawaru
 19109 | D:15     | Entered Level 15 of the Dungeon
 19166 | D:15     | Noticed Nessos
 19176 | D:15     | Killed Nessos
 19252 | D:15     | Noticed Roxanne
 19740 | D:15     | Found a staircase to the Depths.
 19840 | D:15     | Received a gift from Okawaru
 19855 | D:15     | Got an ichor-stained plate armour {god gift}
 19871 | D:15     | Identified the +1 plate armour of Joy {rF+ rC+} (Okawaru
                  | gifted it to you on level 15 of the Dungeon)
 20271 | Orc:1    | Entered Level 1 of the Orcish Mines
 20492 | Orc:2    | Entered Level 2 of the Orcish Mines
 20817 | Orc:2    | Found Sameweg's Magic Scroll Emporium.
 20866 | Orc:2    | Reached XP level 15. HP: 136/136 MP: 14/14
 21055 | Orc:2    | Found Neajyl's Gadget Shop.
 21061 | Orc:2    | Found Sisac's Gadget Shop.
 21063 | Orc:2    | Found Quism's Antique Armour Emporium.
 21155 | Orc:2    | Found a roughly hewn altar of Beogh.
 21201 | Orc:2    | Found a staircase to the Elven Halls.
 21508 | Orc:1    | Noticed an orc warlord
 21526 | Orc:1    | Killed an orc warlord
 21610 | Orc:1    | Found a roughly hewn altar of Beogh.
 22113 | Lair:6   | Entered Level 6 of the Lair of Beasts
 22152 | Lair:6   | Found a frozen archway.
 22238 | Lair:6   | Received a gift from Okawaru
 22298 | IceCv    | Entered an ice cave
 22450 | IceCv    | Got a shimmering lead ring
 22621 | IceCv    | Identified the ring of Jaokkaf {*Drain Str+2 Int+3 Dex+5}
                  | (You found it in an ice cave)
 22681 | Lair:6   | Got a shimmering falchion {god gift}
 22682 | Lair:6   | Identified the +10 falchion "Laoc" {slice, rElec rC++ MP+9}
                  | (Okawaru gifted it to you on level 6 of the Lair of Beasts)
 22767 | Lair:6   | Identified the Disquisition on the Supportive Compass
 22911 | Lair:6   | Got an ivory hand axe
 23119 | Lair:1   | Identified the cursed +0 hand axe of Cingang {chop, rN+
                  | Dex+4} (You found it on level 6 of the Lair of Beasts)
 23241 | Lair:6   | Received a gift from Okawaru
 23637 | Lair:6   | Identified the Reference Book on Captivating Translocation
 23651 | Lair:6   | Got a smoking broad axe
 23659 | Lair:6   | Identified a +1 pair of boots of running (You found it on
                  | level 6 of the Lair of Beasts)
 23901 | Swamp:1  | Entered Level 1 of the Swamp
 24045 | Swamp:1  | Reached XP level 16. HP: 128/147 MP: 15/15
 24085 | Swamp:1  | Noticed Kirke
 24091 | Swamp:1  | Noticed Donald
 24095 | Swamp:1  | Killed Kirke
 24110 | Swamp:1  | Killed Donald
 24851 | Swamp:2  | Found a shattered altar of Ashenzari.
 24975 | Swamp:2  | Received a gift from Okawaru
 25530 | Swamp:3  | Reached skill level 15 in Fighting
 25533 | Swamp:3  | Reached skill level 15 in Armour
 25885 | Swamp:3  | Noticed Bai Suzhen
 25896 | Swamp:3  | Killed Bai Suzhen
 26061 | Swamp:4  | Entered Level 4 of the Swamp
 26070 | Swamp:4  | Received a gift from Okawaru
 26189 | Swamp:4  | Got a twisted falchion {god gift}
 26190 | Swamp:4  | Identified the +3 falchion "Decoc" {drain, rPois rF+ Dex+2}
                  | (Okawaru gifted it to you on level 4 of the Swamp)
 26398 | Swamp:4  | Noticed the 27-headed Lernaean hydra
 26402 | Swamp:4  | Received a gift from Okawaru
 26413 | Swamp:4  | Killed the 27-headed Lernaean hydra
 26426 | Swamp:4  | Received a gift from Okawaru
 26429 | Swamp:4  | Got a shimmering falchion {god gift}
 26430 | Swamp:4  | Identified the +2 falchion "Ysky" {slice, *Rage +Fly rPois
                  | Stlth+} (Okawaru gifted it to you on level 4 of the Swamp)
 26515 | Swamp:4  | Noticed Mara
 26526 | Swamp:4  | Noticed Peloso's illusion
 26540 | Swamp:4  | Killed Mara
 26540 | Swamp:4  | Reached XP level 17. HP: 122/158 MP: 13/16
 26674 | Swamp:4  | Found a runed translucent gate.
 26674 | Swamp:4  | Found a runed translucent gate.
 26674 | Swamp:4  | Found a runed translucent gate.
 26678 | Swamp:4  | Noticed Morbidden's ghost (adept TrBe)
 26852 | Swamp:4  | Got a decaying rune of Zot
 26856 | Swamp:4  | Got a warped chain mail
 26867 | Swamp:4  | Identified the cursed +1 chain mail of Midnight {Int+6
                  | Dex+2} (You found it on level 4 of the Swamp)
 26940 | Swamp:4  | Killed Morbidden's ghost
 26945 | Swamp:4  | Reached skill level 1 in Invocations
 26970 | Swamp:4  | Got a coiled steel amulet
 26972 | Swamp:4  | Identified the amulet "Birreana" {RegenMP rC++ Str+2} (You
                  | found it on level 4 of the Swamp)
 27221 | Lair:1   | Received a gift from Okawaru
 27724 | Lair:1   | Identified the +5 broad axe of Trial by Ordeal {speed, rN+}
                  | (You found it on level 6 of the Lair of Beasts)
 28022 | Orc:2    | Bought a wand of digging (5) for 288 gold pieces
 28423 | Spider:1 | Entered Level 1 of the Spider Nest
 28572 | Spider:1 | Noticed Frances
 28582 | Spider:1 | Killed Frances
 28719 | Spider:1 | Got a scorched falchion
 28720 | Spider:1 | Identified the cursed +1 falchion of a treasure trove
                  | {antimagic, Int+7} (You found it on level 1 of the Spider
                  | Nest)
 29265 | Spider:2 | Paralysed by a hornet for 3 turns
 29810 | Spider:3 | Noticed Arachne
 29824 | Spider:3 | Received a gift from Okawaru
 29828 | Spider:3 | Killed Arachne
 29932 | Spider:3 | Noticed Louise
 29950 | Spider:3 | Killed Louise
 30102 | Spider:3 | Received a gift from Okawaru
 30105 | Spider:3 | Got a scorched falchion {god gift}
 30106 | Spider:3 | Identified the +8 falchion of Wyloyragg {slice, rPois}
                  | (Okawaru gifted it to you on level 3 of the Spider Nest)
 30377 | Spider:4 | Entered Level 4 of the Spider Nest
 30446 | Spider:4 | Reached XP level 18. HP: 162/169 MP: 14/17
 30572 | Spider:4 | Noticed Nikola
 30585 | Spider:4 | Killed Nikola
 30754 | Spider:4 | Received a gift from Okawaru
 31460 | Spider:4 | Got a gossamer rune of Zot
 31985 | Vaults:1 | Entered Level 1 of the Vaults
 32046 | Vaults:1 | Paralysed by a great orb of eyes for 3 turns
 32207 | Vaults:1 | Received a gift from Okawaru
 32318 | Vaults:1 | You fall into a shaft and drop 1 floor!
 32457 | Vaults:1 | Received a gift from Okawaru
 32642 | Vaults:1 | Found a ruined gateway.
 32652 | Desolati | Entered the Desolation of Salt
 32665 | Desolati | Reached XP level 19. HP: 160/179 MP: 18/18
 33326 | Desolati | Got a bound ruby amulet
 33375 | Desolati | Identified the Collected Works on Attacks
 33378 | Desolati | Identified the amulet "Boliu" {Spirit rElec rF- rC+ Str+3}
                  | (You found it in the Desolation of Salt)
 33619 | Desolati | Got a pitted hat
 33630 | Desolati | Identified the +2 hat of Riahomn {rF- MR+ Int+2 Stlth+}
                  | (You found it in the Desolation of Salt)
 33649 | Desolati | Identified the Collected Works on Confrontation
 33719 | Desolati | Identified the Incunabulum of Poisoning and Calling
 34068 | Desolati | Got a shimmering marble ring
 34070 | Desolati | Identified Ticuivuy's Volume of Lucky Moulding
 34083 | Desolati | Identified the ring "Jyphon" {+Blink +Inv rCorr} (You found
                  | it in the Desolation of Salt)
 34582 | Vaults:1 | Received a gift from Okawaru
 34936 | Vaults:1 | Paralysed by a great orb of eyes for 4 turns
 35600 | Vaults:2 | Noticed Frederick
 35611 | Vaults:2 | Killed Frederick
 35750 | Vaults:2 | Received a gift from Okawaru
 35833 | Vaults:2 | Found Gucappan's Antique Armour Boutique.
 35843 | Vaults:2 | Bought a runed hat for 238 gold pieces
 36061 | Vaults:2 | Reached XP level 20. HP: 162/191 MP: 16/19
 37328 | Elf:1    | Entered Level 1 of the Elven Halls
 37512 | Elf:1    | Identified a scroll of acquirement
 37660 | Elf:1    | Received a gift from Okawaru
 38002 | Elf:1    | Reached skill level 1 in Stealth
 38698 | Elf:2    | Found Zenkeuv's Distillery.
 39019 | Elf:2    | Found a runed translucent gate.
 39019 | Elf:2    | Found a runed translucent gate.
 39019 | Elf:2    | Found a runed translucent gate.
 39501 | Elf:3    | Entered Level 3 of the Elven Halls
 39567 | Elf:3    | Noticed Asterion
 39581 | Elf:3    | Killed Asterion
 39618 | Elf:3    | Received a gift from Okawaru
 40739 | Elf:3    | Identified the +10 halberd of Big Damage {speed, Str+6}
 40759 | Elf:3    | Reached XP level 21. HP: 169/202 MP: 20/20
 40778 | Elf:3    | Gained mutation: You are clumsy. (Dex -2) [a neqoxec]
 40815 | Elf:3    | Received a gift from Okawaru
 41257 | Elf:3    | Identified the Volume of Glacial Companions
 41407 | Elf:3    | Got a scorched turquoise ring
 41439 | Elf:3    | Got a fine glass ring
 41456 | Elf:3    | Identified the Tome of the Captivating Snowflakes
 41504 | Elf:3    | Identified the ring "Tuesch" {Wiz rC+} (You found it on
                  | level 3 of the Elven Halls)
 41505 | Elf:3    | Identified the cursed ring "Olasu" {rElec rF+ rC- Str+4
                  | Dex-5} (You found it on level 3 of the Elven Halls)
 41529 | Elf:3    | Got an iridescent hunting sling
 41933 | Lair:1   | Identified the +6 hunting sling of Cenodoat {velocity,
                  | *Contam MR+ Dex+2 Stlth+} (You found it on level 3 of the
                  | Elven Halls)
 42475 | Elf:3    | Got an encrusted glaive
 42476 | Elf:3    | Identified the +7 glaive "Folah" {antimagic, Str+4} (You
                  | found it on level 3 of the Elven Halls)
 42935 | Vaults:3 | Found a staircase to the Crypt.
 43241 | Vaults:3 | You fall into a shaft and drop 1 floor!
 43242 | Vaults:4 | Noticed Mennas
 43249 | Vaults:4 | Killed Mennas
 43294 | Vaults:4 | Received a gift from Okawaru
 43336 | Vaults:3 | Found Iwuruc's Food Shop.
 44405 | Vaults:4 | Reached XP level 22. HP: 200/213 MP: 22/22
 45225 | Vaults:5 | Entered Level 5 of the Vaults
 45381 | Vaults:4 | Received a gift from Okawaru
 45501 | Vaults:5 | Noticed an ancient lich
 45535 | Vaults:4 | Killed an ancient lich
 45807 | Vaults:5 | Noticed a golden dragon
 45842 | Vaults:5 | Reached skill level 27 in Shields
 45848 | Vaults:5 | Killed a golden dragon
 45887 | Vaults:5 | Received a gift from Okawaru
 46064 | Vaults:5 | Reached XP level 23. HP: 223/223 MP: 23/23
 47001 | Vaults:5 | Received a gift from Okawaru
 47276 | Vaults:5 | Got a silver rune of Zot
 47396 | Vaults:5 | Identified the +4 glaive "Otoxt" {venom, Str+6}
 47777 | Vaults:5 | Identified the +7 fustibalus "Eshybeu" {velocity, rN++
                  | Dex+4}
 47779 | Vaults:5 | Identified the +7 quarterstaff of Compassion {elec, *Rage
                  | MP+9 Dex+7}
 47831 | Vaults:5 | Noticed Xtahua
 47843 | Vaults:5 | Killed Xtahua
 48025 | Vaults:5 | Got a crude chain mail
 48026 | Vaults:5 | Identified the +2 chain mail of the Armoured One {Dex+7}
                  | (You found it on level 5 of the Vaults)
 48153 | Vaults:5 | Received a gift from Okawaru
 48649 | Lair:1   | Reached skill level 1 in Throwing
 48649 | Lair:1   | Reached skill level 5 in Dodging
 48649 | Lair:1   | Reached skill level 1 in Unarmed Combat
 48649 | Lair:1   | Reached skill level 1 in Evocations
 48649 | Lair:1   | Reached XP level 24. HP: 234/234 MP: 23/23
 48885 | Depths:1 | Entered Level 1 of the Depths
 49331 | D:15     | Killed Roxanne
 49809 | D:15     | Received a gift from Okawaru
 49838 | D:15     | Got a pair of brightly glowing boots {god gift}
 49853 | D:15     | Identified the +1 pair of boots of Nobility {rF+ rCorr
                  | Dex+2} (Okawaru gifted it to you on level 15 of the
                  | Dungeon)
 50181 | Depths:1 | Found Rieniyw's Jewellery Shoppe.
 50182 | Depths:1 | Found Gesmiudu's Jewellery Emporium.
 50182 | Depths:1 | Found Liocs's Gadget Shoppe.
 50187 | Depths:1 | Found Cocaj's Jewellery Emporium.
 50226 | Depths:1 | Identified the +7 short sword "Aramenej" {protect, rN+++}
 50270 | Depths:1 | You fall into a shaft and drop 1 floor!
 50317 | Depths:2 | Reached XP level 25. HP: 232/244 MP: 23/23
 50396 | Depths:1 | Found a gateway to Hell.
 51030 | Depths:1 | Noticed an ancient lich
 51040 | Depths:1 | Killed an ancient lich
 51055 | Depths:1 | Got a wavering golden ring
 51067 | Depths:1 | Identified the ring of Xom's Recklessness {rF- rC- rN+++
                  | Int+2 Dex+4} (You found it on level 1 of the Depths)
 51307 | Crypt:1  | Entered Level 1 of the Crypt
 51379 | Crypt:1  | Noticed Sojobo
 51652 | Crypt:1  | Killed Sojobo
 51790 | Crypt:1  | Noticed Boris
 51805 | Crypt:1  | Killed Boris
 52139 | Crypt:1  | Received a gift from Okawaru
 52722 | Crypt:2  | Received a gift from Okawaru
 52756 | Crypt:2  | Got a fabulously ornate robe {god gift}
 52757 | Crypt:2  | Identified the +4 robe of the Land of Plenty {SInv}
                  | (Okawaru gifted it to you on level 2 of the Crypt)
 53923 | Crypt:3  | Entered Level 3 of the Crypt
 54180 | Crypt:3  | Found a basalt altar of Yredelemnul.
 54715 | Crypt:3  | Identified the cursed +3 rapier "Jellybane" {pierce, +Fly
                  | rElec rC+}
 54715 | Crypt:3  | Noticed Khufu
 54733 | Crypt:3  | Killed Khufu
 55222 | Crypt:3  | Found a staircase to the Tomb.
 55331 | Crypt:3  | Received a gift from Okawaru
 55365 | Crypt:3  | Got a slimy hand crossbow
 55367 | Crypt:3  | Got an encrusted hunting sling
 55425 | Crypt:3  | Reached XP level 26. HP: 251/259 MP: 21/23
 55905 | Lair:1   | Identified the +6 hand crossbow "Iducw" {flame, rF+ MR-
                  | Str+4 Int+4} (You found it on level 3 of the Crypt)
 55908 | Lair:1   | Identified the +2 hunting sling of Jufeago {venom, rC+
                  | Dex+4} (You found it on level 3 of the Crypt)
 57257 | Depths:2 | Found a glowing golden altar of the Shining One.
 57631 | Depths:2 | Noticed a juggernaut
 57642 | Depths:2 | Killed a juggernaut
 58135 | Depths:3 | Found a one-way gate leading to the halls of Pandemonium.
 58154 | Depths:3 | Received a gift from Okawaru
 58155 | Depths:3 | Got a translucent long sword {god gift}
 58177 | Depths:2 | Identified the +10 long sword of the Onslaught {slice, MR+}
                  | (Okawaru gifted it to you on level 3 of the Depths)
 58244 | Depths:3 | Found a shadowy altar of Dithmenos.
 58647 | Depths:3 | Noticed Jory
 58660 | Depths:3 | Killed Jory
 58660 | Depths:3 | Reached skill level 27 in Long Blades
 58747 | Depths:3 | Received a gift from Okawaru
 58762 | Depths:3 | Found an ancient bone altar of Kikubaaqudgha.
 58799 | Depths:3 | Got a slimy plate armour
 58967 | Depths:3 | Identified the +12 plate armour of Articulation {Int+4}
                  | (You found it on level 3 of the Depths)
 59259 | Depths:4 | Reached skill level 27 in Fighting
 59528 | Depths:4 | Reached XP level 27. HP: 272/273 MP: 22/23
 59581 | Depths:4 | Found a one-way gate to the infinite horrors of the Abyss.
 59798 | Depths:4 | Found a gateway to a ziggurat.
 60330 | Depths:5 | Entered Level 5 of the Depths
 60364 | Depths:5 | Gained mutation: You are dopey. (Int -2) [a shining eye]
 61078 | Depths:5 | Received a gift from Okawaru
 61100 | Depths:5 | Got an encrusted scimitar {god gift}
 61101 | Depths:5 | Identified the +5 scimitar "Qegom" {slice, *Corrode Fragile
                  | Int+8 SInv} (Okawaru gifted it to you on level 5 of the
                  | Depths)
 61217 | Depths:5 | Found a gate to the Realm of Zot.
 61273 | Depths:5 | Noticed Saint Roka
 61321 | Depths:5 | Killed Saint Roka
 61375 | Depths:5 | Got a pitted diamond amulet
 61376 | Depths:5 | Identified the amulet "Lowir" {Inacc Int+3 Dex+2 Stlth+}
                  | (You found it on level 5 of the Depths)
 61680 | Depths:5 | Found a runed translucent door.
 61680 | Depths:5 | Found a shimmering altar of Xom.
 61680 | Depths:5 | Noticed Xiurix's ghost (adept GrEE)
 61713 | Depths:5 | Killed Xiurix's ghost
 61713 | Depths:5 | Received a gift from Okawaru
 61719 | Depths:5 | Got a twisted shield {god gift}
 61730 | Depths:5 | Identified the +1 shield of Lies {rElec rPois rC+ Dex-4}
                  | (Okawaru gifted it to you on level 5 of the Depths)
 61827 | Depths:5 | Found Jiggorhi's Gadget Shoppe.
 61827 | Depths:5 | Found Readaez's Jewellery Boutique.
 61828 | Depths:5 | Found Ruuh's Gadget Shoppe.
 62710 | Zot:1    | Entered Level 1 of the Realm of Zot
 64248 | Zot:3    | Noticed an orb of fire
 64254 | Zot:3    | Gained mutation: Scrolls take you a little longer to read.
                  | [an orb of fire]
 64255 | Zot:3    | Gained mutation: Your body sometimes deteriorates upon
                  | taking damage. [an orb of fire]
 64261 | Zot:3    | Killed an orb of fire
 64281 | Zot:3    | Mangled by a white draconian

Levels and vault maps discovered:
D:1:      wheals_arrival_linesprint, layout_loops_ring, kennysheep_minor_cross,
          minmay_misc_feat_diagonals, minmay_pentomino_x4
D:2:      layout_basic, overflow_temple_1_default, first_ration
D:3:      layout_rooms, chequers_ecumenical_altar_twisty
D:4:      layout_basic, portal_sewer_entry_e
D:5:      layout_basic, vehumet_crystals, basic_altar, uniq_prince_ribbit1,
          uniq_eustachio
D:6:      wander_guarded_unrand_ratskin, layout_basic, uniq_edmund
D:7:      layout_loops_ring, kennysheep_mini_moat, lemuel_blue_sif_altar,
          minmay_temple_entry_hall, serial_shops, shop
D:8:      minmay_the_grid_triangle_9x9_rhombus_thin
          [minmay_the_grid_triangle_9x9_minimal,
          minmay_the_grid_triangle_9x9_prize_top_heavy,
          minmay_the_grid_triangle_9x9_windchime,
          minmay_the_grid_triangle_9x9_limited_checkers], layout_basic,
          trog_ov_bears_minmay
D:9:      layout_loops_ring, xom_shifter_show, lemuel_crystal_altar,
          overflow_temple_1_default, ashenzari_altar_1, uniq_grum
D:10:     layout_loops_ring, minmay_lair_entry_grove, serial_shops,
          nicolae_shop_trees, basic_altar
D:11:     layout_big_octagon, basic_altar
D:12:     minmay_bloctagon, layout_long_grid, david_orc_2, serial_shops, shop,
          nicolae_shop_crystal, grunt_ogre_cave
D:13:     layout_cave_pods, fedhas_altar_4
D:14:     layout_stronghold, david_vaults_3, roderic_serpentine_path,
          uniq_jorgrun
D:15:     hangedman_depths_entry_civil_slaughter, layout_cave_pods,
          minmay_misc_feat_plants, uniq_nessos, uniq_roxanne
Temple:   oiseaux_autumnal_temple
Lair:1:   layout_chaotic_city, ldierk_geyser, disabler_island,
          serial_bayou_shore_a, lemuel_fruit_tree
Lair:2:   layout_misc_corridors, swamp_mist_pool, grunt_megastairs_1, uniq_sonja
Lair:3:   layout_chaotic_city, lemuel_fruit_fields
Lair:4:   layout_loops_ring, dummy_spider_entry, serial_bayou_pond_e,
          serial_bayou_pond_b, uniq_urug
Lair:5:   layout_roguey, dpeg_slime_entry_enclosed_altar
Lair:6:   minmay_lair_end_frog_pond, layout_long_grid,
          portal_ice_cave_entry_animals_and_master, minmay_lair_drake_nest
Swamp:1:  layout_basic_swamp, hangedman_swamp_lotus, uniq_kirke, uniq_donald
Swamp:2:  layout_basic_swamp, nicolae_swamp_godswood
Swamp:3:  layout_basic_swamp, nicolae_swamp_very_dense_foliage, uniq_bai_suzhen
Swamp:4:  swamp, layout_basic_swamp, gammafunk_ghost_split, uniq_mara
Spider:1: layout_spider_delve, drop_trap, uniq_frances
Spider:2: layout_spider_delve, nicolae_spider_webbed_stairs
Spider:3: layout_spider_delve, uniq_louise, uniq_arachne
Spider:4: spider_rune_water, drop_trap, hangedman_spider_tarantella_strand,
          uniq_nikola
Orc:1:    orc_temple, layout_caves
Orc:2:    st_orc_elflike, layout_caves, basic_altar
Elf:1:    minmay_elf_arrival_summoners, layout_geoelf_diagonals,
          hangedman_elf_represent
Elf:2:    layout_onion_city, serial_shops, nicolae_shop_waterfront
Elf:3:    minmay_elf_hall_four_x, layout_geoelf_diagonals, amethyst_killhole,
          uniq_asterion
Vaults:1: v_misc_10, hangedman_vaults_pinch, nicolae_vaults_network_quinsquares
          [nicolae_vaults_network_quincunx_subvault,
          nicolae_vaults_network_quincunx_subvault,
          nicolae_vaults_network_quincunx_subvault,
          nicolae_vaults_network_quincunx_subvault],
          hangedman_vaults_variations, nicolae_vaults_little_ls,
          hangedman_vaults_corner_blocks, vaults_room_boxed,
          ontoclasm_vaults_spin, grunt_vaults_focal, vaults_dpeg_encased_lava,
          ontoclasm_vaults_gateway, st_lattice, v_alt_pattern_1,
          layout_vaults_omnibox, portal_desolation_entry_nicolae_nacl
Vaults:2: nicolae_vaults_network_star, v_misc_10, hangedman_vaults_snaps,
          vaults_dpeg_doors, vaults_room_guarded_vault, grunt_vaults_swirl,
          ontoclasm_vaults_chip, hangedman_vaults_nails,
          ontoclasm_vaults_ring_small, vaults_room_pool, vaults_dpeg_diagonal,
          grunt_vaults_hallway_long, nicolae_vaults_theta,
          layout_vaults_omnicross, serial_shops, nicolae_shop_waterfront,
          uniq_frederick
Vaults:3: hangedman_vaults_unwind, v_misc_30, v_misc_30,
          minmay_crypt_entry_simple_sparse,
          vaults_standard_mumra_enter_the_diamond, hangedman_vaults_stagger,
          hangedman_vaults_nails, nicolae_vaults_hallways_thing,
          ontoclasm_vaults_hangar, hangedman_vaults_stretched_pinwheel,
          layout_vaults_ring, serial_shops, shop
Vaults:4: nicolae_vaults_little_squares_3, vaults_room_pool,
          nicolae_vaults_three_branches, dpeg_vaults_monster_box,
          vaults_dpeg_ring, nicolae_vaults_diagonal_hallway_7, v_misc_18,
          layout_vaults_omnigrid, uniq_mennas
Vaults:5: serial_shops, uniq_xtahua
Crypt:1:  layout_misc_corridors, st_stairs_4, minmay_misc_feat_ornament,
          grunt_crypt_arrival_webbed, uniq_boris, uniq_sojobo
Crypt:2:  layout_catacombs
Crypt:3:  grunt_crypt_end_deaths_head
Depths:1: constructs_gauntlet_mu_hangedman, layout_cave_pools,
          minmay_misc_feat_cross, hell_entry, minivault_12, minmay_shoptagon
Depths:2: minmay_two_paths, layout_cave_shapes, grunt_mini_vestibule, tso_altar
Depths:3: lemuel_vampire_tower, layout_cave_pools, hell_entry,
          old_standard_altar, pan_entry
Depths:4: minmay_containers, layout_gridville, enter_ziggurat_e,
          grunt_hell_entry_dis_mu, infiniplex_staircase_zigzag_5, abyss_entry,
          serial_bayou_shore_b, grunt_megastairs_5
Depths:5: lemuel_castle_with_subvaults [lemuel_castle_interior_carwin_1],
          layout_cave_pools, ebering_ghost_xom, hell_entry, patterned_corridor,
          minmay_shop_grove, uniq_saint_roka
Zot:1:    layout_twisted_circle
Zot:2:    layout_twisted_circle
Zot:3:    layout_misc_corridors, skrybe_zot_glass_3

Skill      XL: |  1  2  3  4  5  6  7  8  9 10 11 12 13 14 15 16 17 18 19 20 21 22 23 24 25 26 27 |
---------------+----------------------------------------------------------------------------------+-----
Armour         | 4 5 6 7 8 10 11 12 13 14 15 16 17 18 19 20 21 22 26 | 26.9
Shields        | 4 5 6 7 9 10 12 14 16 17 18 20 21 23 24 25 26 27 | 27.0
Long Blades    | 3 4 5 6 8 10 12 13 14 15 16 17 18 19 20 21 22 23 24 26 27 | 27.0
Dodging        | 1 2 3 4 5 |  5.2
Fighting       | 4 5 7 8 9 10 11 13 14 16 17 18 19 20 21 22 23 25 27 | 27.0
Invocations    | 1 2 |  2.7
Stealth        | 1 |  1.9
Throwing       | 1 |  1.1
Unarmed Combat | 1 3 |  3.3
Evocations     | 1 |  1.3
Spellcasting   | |  0.6

Action                   |  1- 3 |  4- 6 |  7- 9 | 10-12 | 13-15 | 16-18 | 19-21 | 22-24 | 25-27 || total
-------------------------+-------+-------+-------+-------+-------+-------+-------+-------+-------++-------
Melee: Long sword        |    79 |   121 |   417 |   989 |       |       |       |       |       ||  1606
       Headbutt          |    11 |    30 |    99 |   260 |   376 |   517 |   479 |   419 |   804 ||  2995
       Scimitar          |       |       |       |    40 |   201 |       |       |       |       ||   241
       Falchion          |       |       |       |       |   171 |       |       |       |       ||   171
       Double sword      |       |       |       |       |   872 |  1378 |  1337 |   987 |  1885 ||  6459
       Unarmed           |       |       |       |       |       |       |       |       |    72 ||    72
Invok: Heroism           |       |       |       |     4 |     3 |     6 |     3 |     2 |     2 ||    20
Evoke: Wand              |       |       |     2 |       |       |     5 |       |       |       ||     7
  Use: Potion            |       |     2 |     2 |       |     2 |     1 |     1 |     1 |     3 ||    12
       Scroll            |       |       |    11 |     7 |    12 |     8 |     6 |     3 |     9 ||    56
 Stab: Confused          |       |       |       |       |       |     1 |       |       |       ||     1
       Distracted        |       |       |       |       |       |       |     1 |       |       ||     1
  Eat: Chunk             |     2 |     3 |    10 |    23 |    23 |    21 |    23 |    15 |    23 ||   143
       Ration            |       |       |     1 |     1 |     3 |     2 |     4 |     1 |     7 ||    19
Armor: Scale mail        |    23 |       |       |       |       |       |       |       |       ||    23
       Chain mail        |    15 |    82 |   175 |   186 |       |       |       |       |       ||   458
       Crystal plate arm |       |       |       |   305 |   603 |  1242 |   579 |   718 |  1224 ||  4671
Dodge: Dodged            |    20 |    38 |   102 |   220 |   294 |   648 |   316 |   390 |   653 ||  2681
Block: Shield            |    49 |    60 |   242 |   639 |  1124 |  1687 |  1225 |  1119 |  2096 ||  8241
       Reflection        |       |       |       |       |    42 |    33 |   112 |    87 |    37 ||   311
       Rpst.: Long sword |     6 |     9 |    38 |    55 |       |       |       |       |       ||   108
       Scimitar          |       |       |       |       |    12 |       |       |       |       ||    12
       Falchion          |       |       |       |       |     8 |       |       |       |       ||     8
       Double sword      |       |       |       |       |    46 |    88 |    83 |    82 |   114 ||   413

Table legend:
 A = Non-vault XP
 B = Vault XP
 C = Vault XP percentage of total XP
 D = Non-vault monster count
 E = Vault monster count
 F = Vault count percentage of total count
                 A         B        C        D         E       F
            +---------+---------+-------+---------+---------+-------
      Total |  732738 |  813308 |  52.6 |    1503 |    1034 |  40.8
            +---------+---------+-------+---------+---------+-------
        D:1 |      15 |       5 |  25.0 |      10 |       3 |  23.1
        D:2 |      86 |       0 |   0.0 |      23 |       0 |   0.0
        D:3 |     149 |       0 |   0.0 |      24 |       0 |   0.0
        D:4 |     484 |      56 |  10.4 |      13 |       8 |  38.1
        D:5 |     769 |     455 |  37.2 |      20 |       2 |   9.1
        D:6 |     541 |     295 |  35.3 |      16 |      22 |  57.9
        D:7 |    1527 |       0 |   0.0 |      28 |       0 |   0.0
        D:8 |    2650 |    1514 |  36.4 |      34 |      13 |  27.7
        D:9 |    1004 |    2137 |  68.0 |      20 |      16 |  44.4
       D:10 |    1419 |     245 |  14.7 |      23 |       2 |   8.0
       D:11 |    4601 |    2274 |  33.1 |      20 |       7 |  25.9
       D:12 |    4354 |    3177 |  42.2 |      29 |      18 |  38.3
       D:13 |    9245 |    4545 |  33.0 |      47 |      17 |  26.6
       D:14 |   12938 |    4293 |  24.9 |      41 |       4 |   8.9
       D:15 |   48544 |    8064 |  14.2 |      69 |       8 |  10.4
     Lair:1 |    2484 |    1853 |  42.7 |      10 |       4 |  28.6
     Lair:2 |    3269 |    1203 |  26.9 |      14 |       2 |  12.5
     Lair:3 |    4009 |       0 |   0.0 |      14 |       0 |   0.0
     Lair:4 |    2559 |    1618 |  38.7 |      17 |       4 |  19.0
     Lair:5 |    2238 |       0 |   0.0 |       9 |       0 |   0.0
     Lair:6 |   12231 |   15932 |  56.6 |      35 |      56 |  61.5
    Swamp:1 |    7453 |    4023 |  35.1 |      30 |       2 |   6.2
    Swamp:2 |    9060 |       0 |   0.0 |      26 |       0 |   0.0
    Swamp:3 |   12752 |    7854 |  38.1 |      27 |       4 |  12.9
    Swamp:4 |   11608 |   32218 |  73.5 |      23 |      32 |  58.2
   Spider:1 |   11851 |    2342 |  16.5 |      42 |       1 |   2.3
   Spider:2 |   20280 |       0 |   0.0 |      52 |       0 |   0.0
   Spider:3 |   11642 |    5094 |  30.4 |      32 |       2 |   5.9
   Spider:4 |   17421 |   26718 |  60.5 |      46 |      48 |  51.1
      Orc:1 |    2033 |    6589 |  76.4 |      29 |      28 |  49.1
      Orc:2 |    2273 |    8294 |  78.5 |      41 |      25 |  37.9
      Elf:1 |   14565 |   10371 |  41.6 |      24 |      15 |  38.5
      Elf:2 |   18668 |   22572 |  54.7 |      32 |      27 |  45.8
      Elf:3 |   15041 |   68043 |  81.9 |      26 |      44 |  62.9
   Vaults:1 |   28869 |   31660 |  52.3 |      49 |      45 |  47.9
   Vaults:2 |   22856 |   29818 |  56.6 |      32 |      31 |  49.2
   Vaults:3 |   38717 |   18961 |  32.9 |      73 |      33 |  31.1
   Vaults:4 |   23546 |   51009 |  68.4 |      33 |      40 |  54.8
   Vaults:5 |   40220 |  121912 |  75.2 |      50 |      75 |  60.0
    Crypt:1 |   32116 |   14345 |  30.9 |      56 |       5 |   8.2
    Crypt:2 |   29057 |       0 |   0.0 |      33 |       0 |   0.0
    Crypt:3 |       0 |   84191 | 100.0 |       0 |     127 | 100.0
   Depths:1 |   15112 |   16788 |  52.6 |      33 |      19 |  36.5
   Depths:2 |   36977 |   28734 |  43.7 |      37 |      22 |  37.3
   Depths:3 |   43717 |   25842 |  37.2 |      55 |      43 |  43.9
   Depths:4 |   39462 |   28845 |  42.2 |      31 |      19 |  38.0
   Depths:5 |   34471 |   66961 |  66.0 |      37 |      52 |  58.4
      Zot:1 |   21828 |       0 |   0.0 |      11 |       0 |   0.0
      Zot:2 |   24582 |       0 |   0.0 |      17 |       0 |   0.0
      Zot:3 |   31445 |       0 |   0.0 |      10 |       0 |   0.0
      IceCv |       0 |    5442 | 100.0 |       0 |      20 | 100.0
 Desolation |       0 |   47016 | 100.0 |       0 |      89 | 100.0
            +---------+---------+-------+---------+---------+-------
